 Dungeon Crawl Stone Soup version 0.13-a0-2899-gc7fce8a (webtiles) character file.

42788 Misa the Eclecticist (level 13, -13/59 HPs)
             Began as a Spriggan Enchanter on Aug 30, 2013.
             Was an Elder of Ashenzari.
             Killed from afar by a wizard (35 damage)
             ... with a bolt of lightning
             ... on Level 8 of the Lair of Beasts.
             The game lasted 02:23:32 (25704 turns).

Misa the Eclecticist (Spriggan Enchanter)          Turns: 25704, Time: 02:23:34

HP -13/59        AC  5     Str  5      XL: 13   Next: 81%
MP  38/38        EV 18     Int 22      God: Ashenzari [****..]
Gold 1106        SH  0     Dex 17      Spells:  4 memorised, 33 levels left

Res.Fire  : . . .   See Invis. : +   a - +5,+4 dagger (stab) (curse) {=f}
Res.Cold  : + . .   Warding    : +   s - +2 robe of Xaemet {rC+ Int+2 Dam+5}
Life Prot.: + . .   Conserve   : .   (shield restricted)
Res.Poison: .       Res.Corr.  : .   D - +1 wizard hat
Res.Elec. : .       Clarity    : +   (no cloak)
Sust.Abil.: . .     Spirit.Shd : .   (gloves unavailable)
Res.Mut.  : .       Stasis     : .   (boots unavailable)
Res.Rott. : .       Flight     : .   t - amulet of warding
Saprovore : . . .                    A - cursed ring of wizardry
                                     E - ring of flight

@: very quick, very resistant to hostile enchantments, extraordinarily stealthy
A: unfitting armour, see invisible, herbivore 3, speed 3, slow metabolism 2
a: Scrying, Renounce Religion, Evoke Flight


You were on level 8 of the Lair of Beasts.
You worshipped Ashenzari.
Ashenzari was greatly pleased with you.
You were full.

You visited 4 branches of the dungeon, and saw 22 of its levels.
You also visited: Labyrinth.

You collected 1396 gold pieces.
You spent 310 gold pieces at shops.

Inventory:

Hand weapons
 a - a cursed +5,+4 dagger of stabbing (weapon) {=f}
Missiles
 j - 3 darts of frost (quivered)
Armour
 s - the cursed +2 robe of Xaemet (worn) {rC+ Int+2 Dam+5}
   (You found it on level 11 of the Dungeon)

   It affects your intelligence (+2).
   It affects your damage-dealing abilities (+5).
   It protects you from cold.
   It has a curse placed upon it.
 D - a +1 wizard hat (worn)
Magical devices
 b - a wand of fire (6) {unknown}
 p - a wand of flame (16) {unknown}
Comestibles
 o - 3 bread rations
Scrolls
 g - 3 scrolls of fear
 h - 7 scrolls of teleportation
 i - a scroll of curse weapon
 k - 6 scrolls of remove curse
 m - 3 scrolls of blinking
 n - a scroll of vulnerability
 u - 2 scrolls of magic mapping
 w - 4 scrolls of enchant armour {unknown}
 x - a scroll of torment {unknown}
 C - a scroll of amnesia
 G - a scroll of curse jewellery
Jewellery
 t - an amulet of warding (around neck)
 y - a +3 ring of evasion
 A - a cursed ring of wizardry (right hand)
 B - an uncursed ring of protection from fire
 E - a ring of flight (left hand)
Potions
 c - 2 potions of flight
 d - a potion of might
 e - 5 potions of heal wounds
 l - 4 potions of curing
 q - a potion of berserk rage
 r - 4 potions of restore abilities
 v - 2 potions of speed
 z - a potion of invisibility {unknown}
 H - 2 potions of magic
Books
 f - a book of Necromancy

   Spells                             Type                      Level
   Pain                               Necromancy                   1
   Animate Skeleton                   Necromancy                   1
   Lethal Infusion                    Charms/Necromancy            2
   Vampiric Draining                  Necromancy                   3
   Regeneration                       Charms/Necromancy            3
   Animate Dead                       Necromancy                   4
   Control Undead                     Necromancy                   4


   Skills:
 - Level 4.1 Fighting
 - Level 11.1(14.3) Short Blades
 - Level 1.1 Throwing
 - Level 3.0 Dodging
 + Level 16.7 Stealth
 * Level 17.4 Spellcasting
 - Level 10.0 Hexes
 * Level 7.4 Translocations


You had 33 spell levels left.
You knew the following spells:

 Your Spells              Type           Power        Failure   Level  Hunger
a - Blink                 Tloc           N/A          1%          2    None
b - Ensorcelled Hibernat  Hex/Ice        #####.       1%          2    None
c - Confuse               Hex            ######..     1%          3    None
d - Invisibility          Hex            ######..     3%          6    ####...


Dungeon Overview and Level Annotations

Branches:
Dungeon (12/27)            Temple (1/1) D:6             Orc (1/4) D:6
   Lair (8/8) D:12          Slime (0/6) Lair:7
  Swamp: Lair:3-6    Shoals: Lair:3-6     Snake: Lair:3-6    Spider: Lair:3-6

Altars:
Ashenzari
Cheibriados
Elyvilon
Fedhas
Kikubaaqudgha
Makhleb
Nemelex Xobeh
Okawaru
Sif Muna
Trog
Vehumet
Xom
Yredelemnul
Zin
the Shining One

Shops:
D:10 ?   D:12 /

Annotations:
D:6 exclusion: 2 doors
D:7 4 exclusions
Lair:4 exclusion: downstairs
Lair:8 exclusion: dire elephant


Innate Abilities, Weirdness & Mutations

You are tiny and cannot use many weapons and most armour.
You have supernaturally acute eyesight.
You are a herbivore.
You cover ground extremely quickly.
You need consume almost no food.


Message History

You float gracefully downwards.
You start waiting.
You flicker for a moment.
You start waiting.
You flicker back into view.
You start waiting.
Done waiting.
Eat which item? (? for menu, Esc to quit)
Okay, then.
You start waiting.
Your magical contamination has completely faded away.
You open the door.
A wizard comes into view. It is wielding a dagger.
The wizard shouts!
The wizard points at you and mumbles some strange words.
The bolt of lightning hits you!
Ouch! That really hurt!
The bolt of lightning hits you!
Ouch! That really hurt!
You die...

* ≈ ≈ ≈ ♣ * * #### ≈ ♣♣ *
....@* , ≈ ♣♣ .8.8..*,, ,,{{{{
≈ ♣♣ * .8.8... ,, ,{{{{∩ ♣♣
..8.8..* ,,,, {{{ ♣♣ * .8.8...*
,, ,{≈ ≈ ♣♣**
...8.8..############### ♣ * **
..8.8...@.............#
♣♣♣♣♣♣#........#...8....8....#
♣♣♣♣♣♣♣+#########.............#
♣♣♣.♣♣.♣♣♣♣♣♣ * ######''#######
♣♣.......♣♣♣♣♣♣ ♣♣.....♣♣ *
♣...♣♣♣....♣♣♣♣♣ ♣♣♣♣♣..♣♣♣♣
***
.♣♣♣♣♣♣♣♣♣.%.♣♣♣♣♣♣♣♣..♣♣♣♣♣*
♣♣♣♣♣♣♣♣♣♣♣...♣♣♣♣♣.%♣♣♣♣♣ *
♣♣♣ *♣♣♣♣♣..♣♣..♣♣♣♣♣♣ *


You could see a wizard.

Vanquished Creatures
  A dire elephant (Lair:8)
  A minotaur (Lab)
  The ghost of Zxkuqyb the Covert, a powerful KoBe of Trog (D:12)
  Fannar (Lair:3)
  7 hydras
  Erica (D:12)
  An unseen horror (D:12)
  3 hill giants
  Pikel (D:9)
  3 griffons
  A wolf spider zombie (D:12)
  6 elephants (Lair:4)
  A spiny worm (Lair:8)
  3 cyclopes
  A black mamba (Lair:4)
  10 spiny frogs
  3 fire drakes
  A polar bear (Lair:7)
  3 trolls (D:12)
  10 komodo dragons
  A blink frog (Lair:7)
  A two-headed ogre (D:11)
  A trapdoor spider (D:12)
  4 slime creatures (D:12)
  2 basilisks
  10 yaks
  A hill giant zombie (D:8)
  3 wyverns (D:12)
  7 hippogriffs
  2 elephant slugs
  14 wolves
  2 vampire mosquitoes (D:12)
  4 hungry ghosts
  3 sharks (D:12)
  2 manticores
  Edmund (D:6)
  Menkaure (D:6)
  A necrophage (D:7)
  4 porcupines
  A black bear (D:8)
  3 ogres
  3 phantoms
  An ice beast (D:12)
  3 sky beasts
  7 orc warriors
  7 centaurs
  2 giant goldfish (D:12)
  A boring beetle (Lair:8)
  10 crocodiles
  6 giant slugs
  3 big kobolds
  13 giant frogs
  A wyvern zombie (D:12)
  2 gnoll sergeants
  12 agate snails
  A cyclops zombie (D:12)
  11 water moccasins
  An eye of draining (D:12)
  A jellyfish (Lair:1)
  4 wights (D:8)
  5 killer bees (D:11)
  3 electric eels (D:12)
  11 crimson imps
  4 goliath beetles
  A yak skeleton (D:10)
  A centaur skeleton (D:7)
  2 quasits
  15 hounds
  11 big fish
  16 jellies
  5 orc priests
  2 giant frog skeletons
  2 iguanas
  2 scorpions
  8 orc wizards
  10 worker ants
  2 sheep (D:11)
  A brain worm zombie (D:9)
  A big kobold skeleton (D:12)
  18 gnolls
  7 green rats (Lair:4)
  3 giant centipedes
  A giant mite (Lair:6)
  11 adders
  4 worms
  A giant eyeball (D:7)
  An iguana skeleton (D:11)
  6 giant geckos
  An ooze (D:4)
  33 orcs
  6 giant cockroaches
  7 goblins
  12 hobgoblins
  10 jackals
  30 kobolds
  13 quokkas
  3 ball pythons
  17 bats
  A giant gecko skeleton (D:4)
  7 giant newts
  A hobgoblin zombie (D:7)
  A kobold skeleton (D:6)
  A quokka skeleton (D:9)
  18 rats
531 creatures vanquished.

Notes
Turn   | Place    | Note
--------------------------------------------------------------
     0 | D:1      | Misa, the Spriggan Enchanter, began the quest for the Orb.
     0 | D:1      | Reached XP level 1. HP: 9/9 MP: 4/4
   427 | D:1      | Reached XP level 2. HP: 11/13 MP: 6/6
   804 | D:1      | Reached skill level 4 in Hexes
   819 | D:1      | Learned a level 2 spell: Ensorcelled Hibernation
  1183 | D:2      | Reached XP level 3. HP: 13/16 MP: 9/9
  1947 | D:2      | Reached XP level 4. HP: 17/21 MP: 12/12
  2396 | D:3      | Reached skill level 5 in Stealth
  3147 | D:3      | Found a radiant altar of Vehumet.
  3147 | D:3      | Found a glowing golden altar of the Shining One.
  3250 | D:5      | Entered Level 5 of the Dungeon
  3437 | D:4      | Got an opalescent robe
  3443 | D:4      | Identified the +2 robe of Restia {rN+ Dam+2 SInv} (You found it on level 4 of the Dungeon)
  3612 | D:4      | Reached XP level 5. HP: 24/24 MP: 15/15
  3736 | D:4      | Reached skill level 6 in Stealth
  4180 | D:5      | Noticed a centaur
  4183 | D:5      | Killed a centaur
  4183 | D:5      | Reached skill level 7 in Stealth
  4183 | D:5      | Reached XP level 6. HP: 28/28 MP: 17/17
  4574 | D:5      | Reached skill level 8 in Stealth
  4687 | D:7      | Reached skill level 5 in Short Blades
  4745 | D:6      | Found a staircase to the Ecumenical Temple.
  4750 | Temple   | Entered the Ecumenical Temple
  4804 | Temple   | Became a worshipper of Ashenzari the Shackled
  4889 | D:6      | Reached XP level 7. HP: 32/32 MP: 12/19
  5057 | D:6      | Found Paikham's General Store.
  5066 | D:6      | Paikham's General Store was a mimic.
  5122 | D:5      | Learned a level 3 spell: Confuse
  5339 | D:5      | Noticed a phantom
  5818 | D:5      | Killed a phantom
  5818 | D:5      | Reached skill level 5 in Hexes
  5991 | D:6      | Reached skill level 9 in Stealth
  6125 | D:6      | Noticed Edmund
  6164 | D:6      | Reached XP level 8. HP: 36/36 MP: 16/22
  6297 | D:6      | Killed Edmund
  6622 | D:6      | Reached skill level 5 in Spellcasting
  6730 | D:6      | Noticed a wyvern
  6779 | D:6      | Noticed Menkaure
  6786 | D:6      | Killed Menkaure
  6910 | D:7      | Reached skill level 10 in Stealth
  6932 | D:7      | Found an ancient bone altar of Kikubaaqudgha.
  7287 | D:6      | Found a staircase to the Orcish Mines.
  7767 | Orc:1    | Entered Level 1 of the Orcish Mines
  8134 | D:7      | Learned a level 6 spell: Invisibility
  8479 | D:7      | Noticed a necrophage
  8487 | D:7      | Killed a necrophage
  8534 | D:7      | Reached XP level 9. HP: 32/39 MP: 16/26
  8954 | D:9      | Noticed Pikel
  8961 | D:9      | Killed Pikel
  9246 | D:10     | Entered Level 10 of the Dungeon
  9303 | D:11     | Noticed a hill giant
 10772 | D:8      | Reached XP level 10. HP: 44/44 MP: 29/29
 11347 | D:9      | Reached skill level 10 in Hexes
 11720 | D:11     | Reached skill level 10 in Spellcasting
 11906 | D:11     | Identified the +2 robe of Xaemet {rC+ Int+2 Dam+5}
 11990 | D:11     | Noticed a cyclops
 11999 | D:11     | Killed a cyclops
 11999 | D:11     | Reached skill level 11 in Stealth
 12104 | D:12     | Noticed Zxkuqyb's ghost (powerful KoBe)
 12111 | D:12     | Found Struog's Magical Wand Shop.
 12631 | D:10     | Found Uhorchuha's Magic Scroll Shop.
 12641 | D:10     | Bought a scroll of enchant weapon III for 200 gold pieces
 12641 | D:10     | Bought a scroll of enchant weapon I for 55 gold pieces
 12641 | D:10     | Bought a scroll of enchant weapon II for 55 gold pieces
 12942 | D:11     | Killed a hill giant
 13399 | D:11     | Noticed a cyclops
 13471 | D:11     | Killed a cyclops
 13471 | D:11     | Reached XP level 11. HP: 47/47 MP: 28/32
 13795 | D:11     | Reached skill level 12 in Stealth
 14317 | D:12     | Found a staircase to the Lair.
 14861 | D:12     | Reached skill level 10 in Short Blades
 14981 | D:12     | Noticed a cyclops
 15016 | D:12     | Killed a cyclops
 15570 | D:12     | Noticed a hill giant
 15603 | D:12     | Reached skill level 13 in Spellcasting
 15753 | D:12     | Killed a hill giant
 15798 | D:12     | Noticed a four-headed hydra
 15804 | D:12     | Killed a four-headed hydra
 15958 | D:12     | Noticed a hill giant
 15989 | D:12     | Killed a hill giant
 16234 | D:12     | Acquired Ashenzari's first power
 16345 | D:12     | Noticed Erica
 16357 | D:12     | Killed Erica
 16357 | D:12     | Reached skill level 14 in Spellcasting
 16357 | D:12     | Reached XP level 12. HP: 51/51 MP: 28/35
 16360 | D:12     | Noticed an unseen horror
 16368 | D:12     | Killed an unseen horror
 16650 | D:12     | Killed Zxkuqyb's ghost
 16877 | Lair:1   | Entered Level 1 of the Lair of Beasts
 17593 | Lair:1   | Reached skill level 1 in Fighting
 18694 | Lair:3   | Noticed Fannar
 19163 | Lair:4   | Reached skill level 15 in Spellcasting
 19232 | Lair:3   | Killed Fannar
 19414 | Lair:4   | Acquired Ashenzari's second power
 19732 | Lair:4   | Reached skill level 15 in Stealth
 20946 | Lair:4   | Reached skill level 16 in Spellcasting
 21211 | Lair:6   | Reached XP level 13. HP: 54/58 MP: 32/37
 21523 | Lair:6   | Noticed a four-headed hydra
 21525 | Lair:6   | Killed a four-headed hydra
 22036 | Lair:7   | Found a dark tunnel.
 22050 | Lair:7   | Found a labyrinth entrance.
 22074 | Lab      | Entered a labyrinth
 22882 | Lab      | Identified Jeowk's Volume of Orientation and Self-Knowledge (You found it in a labyrinth)
 23169 | Lair:2   | Learned a level 2 spell: Blink
 23349 | Lair:5   | Reached skill level 1 in Translocations
 24017 | Lair:8   | Entered Level 8 of the Lair of Beasts
 24090 | Lair:7   | Found a staircase to the Slime Pits.
 24654 | Lair:7   | Reached skill level 17 in Spellcasting
 24844 | Lair:8   | Reached skill level 5 in Translocations
 24963 | Lair:8   | Acquired Ashenzari's third power
 25037 | Lair:8   | Noticed a dire elephant
 25519 | Lair:8   | Killed a dire elephant
 25704 | Lair:8   | Killed from afar by a wizard

Action                   |  1- 3 |  4- 6 |  7- 9 | 10-12 | 13-15 || total
-------------------------+-------+-------+-------+-------+-------++-------
Melee: Dagger            |   151 |   127 |   447 |   461 |   102 ||  1288
Throw: Dart              |    36 |    40 |    14 |       |       ||    90
 Cast: Corona            |     3 |       |       |       |       ||     3
       Ensorcelled Hiber |     6 |    34 |    38 |   171 |    46 ||   295
       Confuse           |       |       |    55 |    84 |    11 ||   150
       Invisibility      |       |       |       |     9 |     7 ||    16
       Blink             |       |       |       |       |     5 ||     5
 Abil: Evoke Flight      |       |       |       |     2 |     3 ||     5
Evoke: Wand              |       |       |     3 |    11 |     2 ||    16
  Use: Potion            |       |     1 |       |     4 |       ||     5
       Scroll            |       |     2 |    12 |    27 |     6 ||    47
 Stab: Sleeping          |    14 |    27 |    45 |   152 |    78 ||   316
       Confused          |       |       |    25 |    42 |     5 ||    72
       Distracted        |       |       |     1 |     8 |       ||     9
       Invisible         |       |       |       |     1 |       ||     1
